 Dungeon Crawl Stone Soup version 0.24.1-14-gf8d2b509d9 (webtiles) character file.

Game seed: 12214125111465417353, levelgen mode: deterministic

925 Gabide the Chopper (level 8, -10/48 HPs)
             Began as a Tengu Monk on May 19, 2020.
             Mangled by Pikel
             ... wielding a +0 whip of electrocution
              (16 damage)
             ... on level 5 of the Dungeon.
             The game lasted 00:07:59 (2830 turns).

Gabide the Chopper (Tengu Monk)                     Turns: 2830, Time: 00:07:59

Health: -10/48     AC: 17    Str: 14    XL:     8   Next: 10%
Magic:  9/9        EV: 12    Int: 11    God:
Gold:   239        SH:  5    Dex: 16    Spells: 7/7 levels left

rFire    . . .     SeeInvis .   k - +3 hand axe (venom)
rCold    . . .     Gourm    .   o - +0 buckler
rNeg     . . .     Faith    .   l - +0 ring mail
rPois    .         Spirit   .   (helmet restricted)
rElec    .         Reflect  .   (no cloak)
rCorr    .         Harm     .   s - +0 pair of gloves
MR       .....                  (boots unavailable)
Stlth    +.........             (no amulet)
HPRegen  0.16/turn              d - +5 ring of protection
MPRegen  0.11/turn              g - +5 ring of protection

@: no status effects
A: beak, talons 3, able to fly
a: Fly


You were on level 5 of the Dungeon.
You were not hungry.

You visited 1 branch of the dungeon, and saw 5 of its levels.

You collected 239 gold pieces.

Inventory:

Hand Weapons
 a - a +0 mace
 k - a +3 hand axe of venom (weapon)
Armour
 l - a +0 ring mail (worn)
 o - a +0 buckler (worn)
 s - a +0 pair of gloves (worn)
Jewellery
 d - a +5 ring of protection (left hand)
 g - a +5 ring of protection (right hand)
 h - an uncursed ring of protection from magic
Wands
 t - a wand of random effects (17)
 v - a wand of flame (18)
 y - a wand of acid (6)
Scrolls
 b - 6 scrolls of teleportation
 e - 2 scrolls of identify
 m - a scroll of fog
 w - a scroll of blinking
Potions
 f - a potion of might {unknown}
 i - 3 potions of curing {unknown}
 j - a potion of invisibility {unknown}
 n - a potion of mutation {unknown}
 p - 2 potions of heal wounds
 q - 2 potions of magic {unknown}
 r - a potion of brilliance {unknown}
 u - 2 potions of ambrosia {unknown}
 x - a potion of agility {unknown}
 z - a potion of lignification {unknown}
Comestibles
 c - 6 rations


   Skills:
 + Level 4.2 Fighting
 * Level 6.8(7.3) Axes
 - Level 3.7(5.7) Maces & Flails
 * Level 3.7 Armour
 + Level 4.1 Dodging
 - Level 2.1 Stealth
 * Level 2.5 Shields


You had 7 spell levels left.
You didn't know any spells.
Your spell library was empty.

Dungeon Overview and Level Annotations

Branches:
Dungeon (5/15)
 Temple: D:4-7

Altars:
Gozag
Ru
Vehumet
Yredelemnul
The Shining One

Annotations:
D:5 Pikel


Innate Abilities, Weirdness & Mutations

You have a beak for a mouth.
You have claws for feet.
You can fly continuously.


Message History

Your peck misses Pikel.
Pikel is lightly wounded.
You hit the slave.
The slave looks as sick as possible!
You hit the slave but do no damage. You barely miss the slave.
You hit the slave.
You kill the slave!
That felt strangely unrewarding.
The slave hits you. The slave hits you but does no damage.
Pikel hits you but does no damage.
You are electrocuted!
* * * LOW HITPOINT WARNING * * *
The slave completely misses you. The quokka barely misses you.
You hit Pikel. You claw Pikel. You peck Pikel.
Pikel is moderately wounded.
You hit the quokka but do no damage. You hit the slave but do no damage.
You closely miss the slave. You hit the slave.
The slave looks as sick as possible!
The slave hits you.
* * * LOW HITPOINT WARNING * * *
The slave completely misses you. Pikel hits you but does no damage.
You are electrocuted!
You die...

##.##.####.####...........
##......##...#............
.###.)................#
.............##.#....#
..............#.#...##
..................#
...............#### ?
.................###...^
............##(p@r......
.............#.ppK......
........... #..........
.#. ##......... #.
.......#.. ..$.>...# .
......... ......##...


You could see Pikel, 3 slaves and a quokka.

Vanquished Creatures
  Grinder (D:4)
  Duvessa (D:4)
  A slave (D:5)
  An ogre (D:4)
  A bullfrog (D:5)
  Dowan (D:4)
  A howler monkey (D:5)
  A crimson imp (D:5)
  2 hounds
  An orc wizard (D:4)
  An orc priest (D:3)
  A worker ant (D:4)
  A hound skeleton (D:5)
  Robin (D:2)
  3 adders (D:2)
  3 gnolls (D:5)
  A shadow imp (D:5)
  An ooze (D:4)
  An adder skeleton (D:4)
  3 worms
  2 dart slugs (D:2)
  3 leopard geckos (D:1)
  15 orcs
  4 giant cockroaches
  17 goblins
  15 hobgoblins
  4 jackals (D:4)
  2 quokkas
  A ball python (D:5)
  5 bats
  7 frilled lizards
  A giant cockroach zombie (D:5)
  10 kobolds
  3 rats
116 creatures vanquished.

Notes
Turn   | Place    | Note
-------+----------+-------------------------------------------
     0 | D:1      | Gabide the Tengu Monk began the quest for the Orb.
     0 | D:1      | Reached XP level 1. HP: 14/14 MP: 2/2
   121 | D:1      | Reached XP level 2. HP: 18/19 MP: 3/3
   377 | D:1      | Reached XP level 3. HP: 23/23 MP: 4/4
   705 | D:2      | Noticed Robin
   717 | D:2      | Reached skill level 1 in Axes
   725 | D:2      | Reached skill level 1 in Armour
   733 | D:2      | Killed Robin
   733 | D:2      | Reached XP level 4. HP: 16/28 MP: 5/5
  1033 | D:2      | Reached skill level 2 in Axes
  1115 | D:2      | Found a glowing golden altar of the Shining One.
  1117 | D:2      | Noticed an angel
  1124 | D:2      | Found a basalt altar of Yredelemnul.
  1126 | D:2      | Noticed a profane servitor
  1580 | D:3      | Gained mutation: You can fly continuously. [Tengu growth]
  1580 | D:3      | Reached XP level 5. HP: 32/32 MP: 6/6
  1619 | D:3      | Reached skill level 3 in Axes
  1656 | D:3      | Found an opulent altar of Gozag.
  1711 | D:3      | Reached skill level 1 in Shields
  2078 | D:4      | Reached XP level 6. HP: 38/38 MP: 7/7
  2102 | D:4      | Noticed Grinder
  2108 | D:4      | Paralysed by Grinder for 5 turns
  2118 | D:4      | Killed Grinder
  2118 | D:4      | Reached skill level 4 in Axes
  2118 | D:4      | Reached XP level 7. HP: 33/42 MP: 8/8
  2229 | D:4      | Found a sacrificial altar of Ru.
  2260 | D:4      | Found a radiant altar of Vehumet.
  2400 | D:4      | Reached skill level 5 in Axes
  2400 | D:4      | Noticed Dowan
  2402 | D:4      | Noticed Duvessa
  2413 | D:4      | Killed Duvessa
  2415 | D:4      | Killed Dowan
  2448 | D:4      | Reached skill level 6 in Axes
  2606 | D:5      | Entered Level 5 of the Dungeon
  2751 | D:5      | Reached XP level 8. HP: 46/48 MP: 9/9
  2817 | D:5      | Noticed Pikel
  2830 | D:5      | Mangled by Pikel

Levels and vault maps discovered:
D:1:      evilmike_arrival_plus, layout_basic, minmay_misc_feat_ornament
D:2:      layout_basic, grunt_temple_overflow_holy_war, minmay_split_cup_small,
          uniq_robin
D:3:      layout_basic, nicolae_gozag_seed_capital, nrook_uturn
D:4:      layout_loops_cross, overflow_temple_1_default, vehumet_altar_wand_db,
          minmay_quantized, uniq_grinder, uniq_duvessa
D:5:      layout_cave_pools, first_ration, cheibrodos_sewer_entry_bend,
          uniq_prince_ribbit1, uniq_pikel

Skill      XL: |  1  2  3  4  5  6  7 |
---------------+----------------------+-----
Axes           | 1 2 3 4 6 |  6.8
Armour         | 1 2 3 |  3.7
Shields        | 1 2 |  2.5
Dodging        | 4 |  4.1
Fighting       | 4 |  4.2
Maces & Flails | |  3.7
Stealth        | |  2.1

Action                   |  1- 3 |  4- 6 |  7- 9 || total
-------------------------+-------+-------+-------++-------
Melee: Mace              |    29 |       |       ||    29
       Kick              |    21 |    35 |    21 ||    77
       Peck              |     6 |    16 |    19 ||    41
       Hand axe          |    43 |   110 |    74 ||   227
  Use: Scroll            |     4 |     4 |       ||     8
 Stab: Sleeping          |       |     7 |     2 ||     9
  Eat: Chunk             |       |     3 |       ||     3
       Ration            |       |     1 |       ||     1
Armor: Robe              |     8 |       |       ||     8
       Scale mail        |    32 |     5 |       ||    37
       Ring mail         |       |    28 |    42 ||    70
Dodge: Dodged            |    58 |    46 |    33 ||   137
Block: Buckler           |     7 |    15 |    14 ||    36
